 Dungeon Crawl Stone Soup version 0.22.0-75-g3901e79 (webtiles) character file.

102 sbiou the Covered (level 4, 0/37 HPs)
             Began as a Barachi Fighter on Sept 13, 2018.
             Succumbed to an adder's poison
             ... on level 3 of the Dungeon.
             The game lasted 00:02:15 (1559 turns).

sbiou the Covered (Barachi Fighter)                 Turns: 1559, Time: 00:02:16

Health: 0/37       AC:  7    Str: 23    XL:     4   Next: 78%
Magic:  1/4        EV:  8    Int:  8    God:
Gold:   131        SH: 10    Dex: 12    Spells: 3/3 levels left

rFire    . . .     SeeInvis .   a - +0 long sword
rCold    . . .     Gourm    .   c - +0 shield
rNeg     . . .     Faith    .   b - +0 scale mail
rPois    .         Spirit   +   (no helmet)
rElec    .         Reflect  .   (no cloak)
rCorr    .         Harm     .   (no gloves)
MR       .....                  (no boots)
Stlth    ..........             k - amulet of guardian spirit
HPRegen  0.12/turn              (no ring)
MPRegen  0.09/turn              (no ring)

@: mighty, lethally poisoned (0 -> -3), slow
A: +LOS, swims, slowness 1, strong legs 1
a: Hop


You were on level 3 of the Dungeon.
You were not hungry.

You visited 1 branch of the dungeon, and saw 3 of its levels.

You collected 131 gold pieces.

Inventory:

Hand Weapons
 a - a +0 long sword (weapon)
Armour
 b - a +0 scale mail (worn)
 c - a +0 shield (worn)
Jewellery
 j - an uncursed ring of protection from cold {unknown}
 k - an amulet of guardian spirit (around neck)
 m - an uncursed amulet of the acrobat {unknown}
Scrolls
 e - 3 scrolls of identify {unknown}
 h - a scroll of immolation {unknown}
 i - a scroll of blinking {unknown}
 l - 3 scrolls of remove curse {unknown}
 p - a scroll of magic mapping {unknown}
Potions
 d - a potion of might
 g - 2 potions of flight
 o - a potion of haste {unknown}
Comestibles
 f - 3 rations


   Skills:
 + Level 4.1 Fighting
 + Level 3.6 Long Blades
 + Level 4.6 Armour
 + Level 1.2 Dodging
 + Level 3.9 Shields


You had 3 spell levels left.
You didn't know any spells.
Your spell library was empty.

Dungeon Overview and Level Annotations

Branches:
Dungeon (3/15)

Altars:


Innate Abilities, Weirdness & Mutations

Shadows flee at your approach. (+LOS)
You can swim through water.
You cover ground slowly.
You can hop short distances.


Message History

You closely miss the adder.
The adder is severely wounded.
You feel sick. The wyvern zombie bites you!
* * * LOW HITPOINT WARNING * * *
You block the adder's attack. You block the wyvern zombie's attack.
The adder bites you but does no damage.
You slash the wyvern zombie!
The wyvern zombie is moderately damaged.
* * * LOW HITPOINT WARNING * * *
You feel sick. You block the wyvern zombie's attack.
You block the adder's attack.
You hit the wyvern zombie but do no damage.
The wyvern zombie is moderately damaged.
You block the wyvern zombie's attack. You block the adder's attack.
The wyvern zombie bites you but does no damage.
The adder bites you.
* * * LOW HITPOINT WARNING * * *
You slash the wyvern zombie!
The wyvern zombie is heavily damaged.
You die...

#..#. ..# #... #..#. ...
####)#### ...#. ..# #.......#
### #.... ..# #.......###.#
... ###.####.......).... ##
#.##.....##............ #..!
#........##.......###..
#.....#..#!#...##.......###..
..........[Z@S.......#.#.##..
#...>.#†.#..#.###..#.........
#... #..##.#.# ##.#.#.####.#
## .###..##)#.# #...<.# #..
....)......# #.....# ###
########.### #.....# #.#
#.....# #.# #.....# #.#
#.....#


You could see an adder and a wyvern zombie.

Vanquished Creatures
  A hound (D:2)
  An adder (D:2)
  2 worms (D:2)
  4 dart slugs
  4 leopard geckos
  8 bats
  3 giant cockroaches
  3 goblins
  4 hobgoblins
  7 kobolds
  A quokka (D:3)
  A ball python (D:1)
  4 frilled lizards
  6 rats
49 creatures vanquished.

Notes
Turn   | Place    | Note
-------+----------+-------------------------------------------
     0 | D:1      | sbiou the Barachi Fighter began the quest for the Orb.
     0 | D:1      | Reached XP level 1. HP: 18/18 MP: 1/1
    76 | D:1      | Reached XP level 2. HP: 20/25 MP: 2/2
   433 | D:1      | Reached XP level 3. HP: 30/30 MP: 3/3
   679 | D:2      | Reached skill level 1 in Dodging
  1126 | D:2      | Reached XP level 4. HP: 37/37 MP: 4/4
  1558 | D:3      | HP: 1/37 [adder (1)]
  1559 | D:3      | Succumbed to an adder's poison

Skill      XL: |  1  2  3 |
---------------+----------+-----
Armour         | 4 |  4.6
Dodging        | 1 |  1.2
Long Blades    | 3 |  3.6
Fighting       | 4 |  4.1
Shields        | |  3.9

Action                   |  1- 3 |  4- 6 || total
-------------------------+-------+-------++-------
Melee: Long sword        |   104 |    54 ||   158
  Use: Potion            |     2 |     1 ||     3
  Eat: Chunk             |     1 |     2 ||     3
Armor: Scale mail        |    55 |    34 ||    89
Dodge: Dodged            |    45 |    34 ||    79
Block: Shield            |    59 |    51 ||   110
       Rpst.: Long sword |    12 |     9 ||    21
